[Event "80th ARM-ch 1st League 2019"]
[Site "Yerevan"]
[Date "2019.08.21"]
[Round "4.5"]
[White "Harutjunyan, Gevorg"]
[Black "Gharibyan, Mamikon"]
[Result "1/2-1/2"]
[ECO "C29"]
[WhiteElo "2455"]
[BlackElo "2365"]
[Annotator "ChessBase"]
[PlyCount "49"]
[EventDate "2019.08.18"]
[EventType "tourn"]
[EventCountry "ARM"]
[SourceTitle "playchess.com"]
[Source "ChessBase"]
[SourceQuality "1"]
[TimeControl "40/5400+30:1800+30"]

1. e4 e5 2. Nc3 Nf6 3. f4 d5 4. fxe5 Nxe4 5. d3 Nxc3 6. bxc3 c5 7. Nf3 Nc6 8. Be2 Be7 9. O-O O-O 10. Bf4 f6 11. d4 Bf5 12. Rb1 Qd7 13. exf6 Rxf6 14. Ne5 Nxe5 15. Bxe5 Rff8 16. Bf3 b6 17. c4 Be4 18. Bxe4 dxe4 19. c3 Bd6 20. Re1 Bxe5 21. dxe5 Qd3 22. Qxd3 exd3 23. Rbd1 Rad8 24. e6 Rfe8 25. Re3 1/2-1/2

[Event "80th ARM-ch 1st League 2019"]
[Site "Yerevan"]
[Date "2019.08.21"]
[Round "4.6"]
[White "Harutyunian, Tigran K."]
[Black "Torosyan, Norayr"]
[Result "1/2-1/2"]
[ECO "A48"]
[WhiteElo "2555"]
[BlackElo "2365"]
[Annotator "ChessBase"]
[PlyCount "78"]
[EventDate "2019.08.18"]
[EventType "tourn"]
[EventCountry "ARM"]
[SourceTitle "playchess.com"]
[Source "ChessBase"]
[SourceQuality "1"]
[TimeControl "40/5400+30:1800+30"]

1. d4 Nf6 2. Nf3 g6 3. e3 Bg7 4. Be2 O-O 5. O-O d6 6. b3 Nc6 7. Bb2 Bf5 8. c4 e5 9. d5 Nb4 10. a3 Nc2 11. Ra2 Ng4 12. Bc1 e4 13. Ne1 Nxe1 14. Qxe1 Qg5 15. Kh1 Rae8 16. Bb2 Bxb2 17. Rxb2 Qh6 18. Bxg4 Bxg4 19. Qa5 Re7 20. Nd2 Be2 21. Re1 Bd3 22. Nf1 b6 23. Qc3 Bxf1 24. Rxf1 Re5 25. h3 Rfe8 26. Kh2 Qh4 27. b4 Rf5 28. c5 dxc5 29. Rd1 Qe7 30. bxc5 bxc5 31. Rc2 Qd6+ 32. Kg1 Rxd5 33. Rxd5 Qxd5 34. Qxc5 Qxc5 35. Rxc5 Rc8 36. Ra5 c5 37. Rxa7 c4 38. Rb7 c3 39. Rb1 Ra8 1/2-1/2

[Event "80th ARM-ch 1st League 2019"]
[Site "Yerevan"]
[Date "2019.08.21"]
[Round "4.7"]
[White "Hoghmrtsyan, Artur"]
[Black "Khojayan, Vardan"]
[Result "0-1"]
[ECO "E17"]
[WhiteElo "2317"]
[BlackElo "2236"]
[Annotator "NA"]
[PlyCount "60"]
[EventDate "2019.08.18"]
[EventType "tourn"]
[EventCountry "ARM"]
[SourceTitle "playchess.com"]
[Source "ChessBase"]
[SourceQuality "1"]
[TimeControl "40/5400+30:1800+30"]

1. d4 Nf6 2. Nf3 e6 3. g3 b6 4. Bg2 Bb7 5. c4 Be7 6. O-O O-O 7. b3 d5 8. cxd5 Nxd5 9. Bb2 c5 10. e4 Nf6 11. e5 Nfd7 12. Nc3 cxd4 $14 13. Qxd4 Nc6 14. Qe3 Bc5 15. Qf4 Ne7 16. Ne4 Ng6 17. Qg4 Qb8 18. Rad1 Bd5 19. Rfe1 Rd8 20. h4 Be7 21. Neg5 Bxg5 22. Nxg5 Bxg2 23. Kxg2 Qb7+ 24. Kg1 Nc5 25. h5 Ne7 26. h6 Nf5 27. hxg7 h6 28. Rxd8+ Rxd8 29. Nh3 Nd3 30. Re2 Nf4 0-1

[Event "80th ARM-ch 1st League 2019"]
[Site "Yerevan"]
[Date "2019.08.22"]
[Round "5.1"]
[White "Gharibyan, Mamikon"]
[Black "Chaqryan, Erik"]
[Result "1-0"]
[ECO "B52"]
[WhiteElo "2365"]
[BlackElo "2105"]
[Annotator "NA"]
[PlyCount "147"]
[EventDate "2019.08.18"]
[EventType "tourn"]
[EventCountry "ARM"]
[SourceTitle "playchess.com"]
[Source "ChessBase"]
[SourceQuality "1"]
[TimeControl "40/5400+30:1800+30"]

1. e4 c5 2. Nf3 d6 3. Bb5+ Bd7 4. a4 Nc6 5. O-O g6 6. Re1 Bg7 7. c3 Nf6 8. h3 O-O 9. d4 cxd4 10. cxd4 a6 11. Bf1 d5 12. e5 Ne4 13. Nc3 Bf5 14. Qb3 Be6 15. Bf4 h6 16. Rad1 Na5 17. Qb4 Nxc3 18. bxc3 Rc8 19. Bd3 Rc6 20. Rb1 Qc7 21. Rec1 Rc8 22. Bd2 Bf5 23. Bxf5 gxf5 24. Qb2 Rc4 25. e6 fxe6 26. Re1 Rc6 27. Qc1 Kh7 28. Bf4 Qd7 29. Rb2 Rxc3 30. Qb1 Rxf3 31. gxf3 Bxd4 32. Rbe2 Rc6 33. Kh2 Kg8 34. Rg1+ Kf7 35. Qf1 Qc8 36. Bxh6 Qc7+ 37. Kh1 Ke8 38. Qg2 Kd7 39. h4 Qd6 40. f4 Rc8 41. Rge1 Bc3 42. Rxe6 Qxe6 43. Rxe6 Kxe6 44. Qf3 Bd4 45. Qe2+ Kd6 46. Kg2 Bh8 47. Qd3 Nc6 48. Qxf5 Rg8+ 49. Bg5 Bc3 50. h5 b5 51. axb5 axb5 52. Qf7 Rh8 53. f5 b4 54. f6 b3 55. Bf4+ Kc5 56. Be3+ Kc4 57. fxe7 b2 58. e8=Q Rxe8 59. Qxe8 Nb4 60. Qg6 Kb3 61. Qb1 Nc2 62. Bc1 Na3 63. Qxb2+ Bxb2 64. Bxb2 Kxb2 65. h6 d4 66. h7 d3 67. h8=Q+ Kc2 68. Qc8+ Kb2 69. Qd7 Kc3 70. Qc6+ Nc4 71. Kf1 Kd4 72. Ke1 Ne5 73. Qd6+ Ke4 74. Qc5 1-0

[Event "80th ARM-ch 1st League 2019"]
[Site "Yerevan"]
[Date "2019.08.22"]
[Round "5.2"]
[White "Hayrapetyan, Hovik"]
[Black "Hoghmrtsyan, Artur"]
[Result "1/2-1/2"]
[ECO "D58"]
[WhiteElo "2453"]
[BlackElo "2317"]
[Annotator "ChessBase"]
[PlyCount "87"]
[EventDate "2019.08.18"]
[EventType "tourn"]
[EventCountry "ARM"]
[SourceTitle "playchess.com"]
[Source "ChessBase"]
[SourceQuality "1"]
[TimeControl "40/5400+30:1800+30"]

1. Nf3 Nf6 2. c4 e6 3. d4 d5 4. Nc3 Be7 5. Bg5 h6 6. Bh4 O-O 7. e3 b6 8. cxd5 exd5 9. Bd3 Bb7 10. Qc2 c5 11. Rd1 Nbd7 12. O-O a6 13. Bf5 Re8 14. Ne5 Nf8 15. f4 Qc7 16. Rd2 b5 17. Bxf6 Bxf6 18. Ng4 Be7 19. dxc5 h5 20. Nf2 Qxc5 21. Nxd5 Bxd5 22. Qxc5 Bxc5 23. Rxd5 Bxe3 24. g3 g6 25. Bh3 Bb6 26. Rd6 Rab8 27. Rd2 a5 28. Rfd1 Re7 29. Kf1 Rbe8 30. Nd3 Bd4 31. Ne1 Bf6 32. Nf3 b4 33. Nd4 Rc7 34. Nb5 Rc5 35. Nd6 Re7 36. Bg2 Bg7 37. Bd5 Nh7 38. Bb3 Nf6 39. Re2 Rd7 40. Rdd2 Rcc7 41. Re5 Bf8 42. Nc4 Rxc4 43. Rxd7 Nxd7 44. Bxc4 1/2-1/2

[Event "80th ARM-ch 1st League 2019"]
[Site "Yerevan"]
[Date "2019.08.22"]
[Round "5.3"]
[White "Khojayan, Vardan"]
[Black "Sargsyan, Shant"]
[Result "0-1"]
[ECO "A05"]
[WhiteElo "2236"]
[BlackElo "2540"]
[Annotator "ChessBase"]
[PlyCount "70"]
[EventDate "2019.08.18"]
[EventType "tourn"]
[EventCountry "ARM"]
[SourceTitle "playchess.com"]
[Source "ChessBase"]
[SourceQuality "1"]
[TimeControl "40/5400+30:1800+30"]

1. Nf3 Nf6 2. g3 g6 3. Bg2 Bg7 4. O-O O-O 5. c4 d6 6. Nc3 e5 7. d3 Nc6 8. Rb1 a5 9. a3 Bg4 10. h3 Bf5 11. e4 Be6 12. b4 axb4 13. axb4 h6 14. Nd5 Nd7 15. Be3 Kh7 16. Qc1 f5 17. b5 fxe4 18. Ng5+ hxg5 19. bxc6 bxc6 20. Nb4 c5 21. Bxg5 Qe8 22. Nd5 Bxd5 23. cxd5 exd3 24. Qc4 e4 25. Rfe1 Bd4 26. Rxe4 Ne5 27. Qc1 Ra2 28. Be3 Rc2 29. Qe1 Bxe3 30. Qxe3 Rfxf2 31. Bh1 Kg7 32. Qxd3 Qf7 33. Qe3 Qxd5 34. Rf4 Rg2+ 35. Kf1 Qa2 0-1

[Event "80th ARM-ch 1st League 2019"]
[Site "Yerevan"]
[Date "2019.08.22"]
[Round "5.4"]
[White "Mikaelyan, Arman"]
[Black "Harutjunyan, Gevorg"]
[Result "1/2-1/2"]
[ECO "B13"]
[WhiteElo "2454"]
[BlackElo "2455"]
[Annotator "ChessBase"]
[PlyCount "50"]
[EventDate "2019.08.18"]
[EventType "tourn"]
[EventCountry "ARM"]
[SourceTitle "playchess.com"]
[Source "ChessBase"]
[SourceQuality "1"]
[TimeControl "40/5400+30:1800+30"]

1. e4 c6 2. d4 d5 3. exd5 cxd5 4. Bd3 Nc6 5. c3 Qc7 6. Ne2 e5 7. dxe5 Nxe5 8. Bb5+ Bd7 9. Bxd7+ Qxd7 10. O-O Nf6 11. Bf4 Bd6 12. Nd2 O-O 13. Nd4 Rfe8 14. N2f3 Nc4 15. Bxd6 Qxd6 16. Qc2 Rac8 17. Rfe1 Qb6 18. Nf5 Ne4 19. Re2 Qf6 20. N3d4 g6 21. Ng3 Nc5 22. Rae1 Rxe2 23. Qxe2 Ne6 24. Qg4 Ne5 25. Qe2 Nc4 1/2-1/2

[Event "80th ARM-ch 1st League 2019"]
[Site "Yerevan"]
[Date "2019.08.22"]
[Round "5.5"]
[White "Torosyan, Norayr"]
[Black "Davtyan, Artur"]
[Result "1-0"]
[ECO "C45"]
[WhiteElo "2365"]
[BlackElo "2440"]
[Annotator "NA"]
[PlyCount "51"]
[EventDate "2019.08.18"]
[EventType "tourn"]
[EventCountry "ARM"]
[SourceTitle "playchess.com"]
[Source "ChessBase"]
[SourceQuality "1"]
[TimeControl "40/5400+30:1800+30"]

1. e4 e5 2. Nf3 Nc6 3. d4 exd4 4. Nxd4 Bc5 5. Nb3 Bb6 6. Nc3 Nf6 7. Qe2 O-O 8. Bg5 Nd4 9. Qd2 Nxb3 10. axb3 Re8 11. f3 h6 12. Bf4 d5 13. O-O-O d4 14. g4 Bxg4 15. Qg2 Bh5 16. Bxh6 Bg6 17. Bc4 Kf8 18. Bxf7 Kxf7 19. Rhg1 gxh6 20. Qxg6+ Ke6 21. Qf5+ Kf7 22. Nd5 Re6 23. Qg6+ Kf8 24. Qxh6+ Ke8 25. Rg8+ Nxg8 26. Qxe6+ 1-0

[Event "80th ARM-ch 1st League 2019"]
[Site "Yerevan"]
[Date "2019.08.22"]
[Round "5.6"]
[White "Baghdasaryan, Vahe"]
[Black "Shahinyan, David"]
[Result "1-0"]
[ECO "C12"]
[WhiteElo "2373"]
[BlackElo "2452"]
[Annotator "ChessBase"]
[PlyCount "59"]
[EventDate "2019.08.18"]
[EventType "tourn"]
[EventCountry "ARM"]
[SourceTitle "playchess.com"]
[Source "ChessBase"]
[SourceQuality "1"]
[TimeControl "40/5400+30:1800+30"]

1. e4 e6 2. d4 d5 3. Nc3 Nf6 4. Bg5 Bb4 5. e5 h6 6. exf6 hxg5 7. fxg7 Rg8 8. h4 gxh4 9. Nf3 Qf6 10. Qd2 Qxg7 11. Rxh4 Nd7 12. a3 Be7 13. Nb5 Kd8 14. Qf4 e5 15. dxe5 Bxh4 16. Qxh4+ f6 17. O-O-O Qh8 18. Qb4 Qh6+ 19. Kb1 Qf8 20. Qc3 c6 21. Nbd4 Qe8 22. e6 Ne5 23. Re1 Ng6 24. Nf5 Kc7 25. Qxf6 a5 26. Bd3 Nf8 27. Ng7 Rxg7 28. Qxg7+ Kb6 29. e7 Ne6 30. Qf6 1-0

[Event "80th ARM-ch 1st League 2019"]
[Site "Yerevan"]
[Date "2019.08.22"]
[Round "5.7"]
[White "Gevorgyan, Albert"]
[Black "Harutyunian, Tigran K."]
[Result "0-1"]
[ECO "A05"]
[WhiteElo "2175"]
[BlackElo "2555"]
[Annotator "ChessBase"]
[PlyCount "66"]
[EventDate "2019.08.18"]
[EventType "tourn"]
[EventCountry "ARM"]
[SourceTitle "playchess.com"]
[Source "ChessBase"]
[SourceQuality "1"]
[TimeControl "40/5400+30:1800+30"]

1. Nf3 Nf6 2. c4 g6 3. Nc3 Bg7 4. e4 e5 5. d4 exd4 6. Nxd4 O-O 7. Be2 Re8 8. f3 c6 9. Nb3 a5 10. a4 d5 11. exd5 cxd5 12. O-O d4 13. Nxd4 Qb6 14. Kh1 Nc6 15. Ndb5 Bf5 16. Bf4 Rad8 17. Bd6 Qe3 18. c5 b6 19. Nc7 bxc5 20. Bb5 Re6 21. Bxc5 Qxc5 22. Nxe6 Bxe6 23. Qe2 Bb3 24. Rac1 Nd4 25. Qe3 Qb4 26. Qf4 Nxb5 27. Qxb4 axb4 28. Nxb5 Bxa4 29. Nc7 Ne8 30. Nxe8 Rxe8 31. b3 Bxb3 32. Rb1 Bc4 33. Rfc1 Bc3 0-1

[Event "80th ARM-ch 1st League 2019"]
[Site "Yerevan"]
[Date "2019.08.23"]
[Round "6.1"]
[White "Shahinyan, David"]
[Black "Khojayan, Vardan"]
[Result "0-1"]
[ECO "B20"]
[WhiteElo "2452"]
[BlackElo "2236"]
[Annotator "ChessBase"]
[PlyCount "146"]
[EventDate "2019.08.18"]
[EventType "tourn"]
[EventCountry "ARM"]
[SourceTitle "playchess.com"]
[Source "ChessBase"]
[SourceQuality "1"]
[TimeControl "40/5400+30:1800+30"]

1. e4 c5 2. d3 Nc6 3. g3 d5 4. Nd2 Nf6 5. Bg2 dxe4 6. dxe4 g6 7. Ngf3 Bg7 8. O-O O-O 9. c3 h6 10. Qe2 Be6 11. Nc4 Qc8 12. Rd1 Bh3 13. Bh1 Qe6 14. Ne1 Rfd8 15. Ne3 Rxd1 16. Nxd1 Rd8 17. f3 Qc8 18. Nf2 Be6 19. Be3 Ne5 20. Rd1 Rxd1 21. Qxd1 b6 22. b3 Kh7 23. Bg2 Qa6 24. Qc2 c4 25. b4 Nd3 26. Bd2 Ne8 27. f4 Nxf2 28. Kxf2 Qa3 29. Nf3 Bd7 30. Nd4 Ba4 31. Qb1 Bxd4+ 32. cxd4 Nd6 33. Bf1 c3 34. Bc1 Nxe4+ 35. Kg2 c2 36. Qxc2 Qxg3+ 37. hxg3 Bxc2 38. Kf3 Nd6 39. Bb2 Be4+ 40. Ke3 Bd5 41. a4 h5 42. Bd3 Kg7 43. Bc3 Kf6 44. b5 Ke6 45. Bb4 Ne8 46. Bf1 Nc7 47. Bh3+ f5 48. Kd2 Bb3 49. a5 Nxb5 50. axb6 axb6 51. Bf1 Nc7 52. Bg2 Bd5 53. Bf1 Ne8 54. Ba6 Nf6 55. Bc8+ Kf7 56. Kc2 Ne4 57. Be1 Ke8 58. Ba6 Kd7 59. Bd3 Kc6 60. Bxe4 fxe4 61. Bb4 Bc4 62. Kd2 e6 63. Ke3 Bd3 64. Be7 Kd5 65. Bf8 Kc4 66. Bg7 b5 67. Kd2 Bb1 68. Bf6 b4 69. Bg7 Kb3 70. Bf8 e3+ 71. Kxe3 Kc3 72. Bg7 Kc2 73. Ke4 b3 0-1

[Event "80th ARM-ch 1st League 2019"]
[Site "Yerevan"]
[Date "2019.08.23"]
[Round "6.2"]
[White "Chaqryan, Erik"]
[Black "Mikaelyan, Arman"]
[Result "0-1"]
[ECO "B30"]
[WhiteElo "2105"]
[BlackElo "2454"]
[Annotator "ChessBase"]
[PlyCount "76"]
[EventDate "2019.08.18"]
[EventType "tourn"]
[EventCountry "ARM"]
[SourceTitle "playchess.com"]
[Source "ChessBase"]
[SourceQuality "1"]
[TimeControl "40/5400+30:1800+30"]

1. e4 c5 2. Nf3 Nc6 3. d3 g6 4. g3 Bg7 5. Bg2 e6 6. O-O Nge7 7. Nbd2 O-O 8. Re1 d5 9. e5 Qc7 10. Qe2 b5 11. Nf1 b4 12. Bf4 a5 13. h4 Ba6 14. N1h2 c4 15. Ng4 Nf5 16. Qd2 b3 17. c3 d4 18. Nf6+ Kh8 19. g4 Rad8 20. gxf5 dxc3 21. Qxc3 Bxf6 22. Qc1 Be7 23. f6 Bb4 24. Bh6 Rg8 25. Re4 c3 26. bxc3 Bxd3 27. Bg7+ Rxg7 28. Qh6 Rdg8 29. fxg7+ Rxg7 30. Re3 b2 31. Rae1 Bxc3 32. Rxd3 Bxe1 33. Rd1 Bc3 34. Ng5 Nxe5 35. Nxh7 Ng4 36. Qg5 Nxf2 37. Rf1 Kxh7 38. Kxf2 Qb6+ 0-1

[Event "80th ARM-ch 1st League 2019"]
[Site "Yerevan"]
[Date "2019.08.23"]
[Round "6.3"]
[White "Hoghmrtsyan, Artur"]
[Black "Sargsyan, Shant"]
[Result "0-1"]
[ECO "A46"]
[WhiteElo "2317"]
[BlackElo "2540"]
[Annotator "ChessBase"]
[PlyCount "76"]
[EventDate "2019.08.18"]
[EventType "tourn"]
[EventCountry "ARM"]
[SourceTitle "playchess.com"]
[Source "ChessBase"]
[SourceQuality "1"]
[TimeControl "40/5400+30:1800+30"]

1. d4 Nf6 2. Nf3 d5 3. c4 e6 4. g3 Bb4+ 5. Bd2 Be7 6. Bg2 O-O 7. O-O Nbd7 8. Qc2 c6 9. Bf4 b6 10. Nc3 Ba6 11. cxd5 cxd5 12. Qa4 Bb7 13. Ne5 Nxe5 14. Bxe5 Nd7 15. Bf4 a6 16. Rfc1 b5 17. Qd1 Rc8 18. a4 b4 19. Na2 Bc6 20. b3 Qb6 21. Rc2 f5 22. Qd2 a5 23. Nc1 Bf6 24. Be3 Bb7 25. Rxc8 Rxc8 26. Na2 Ba6 27. Rd1 h6 28. f4 Bd8 29. Rc1 Ra8 30. Rc2 Nf6 31. Nc1 Ne4 32. Bxe4 fxe4 33. g4 Be7 34. Bf2 Rf8 35. e3 g5 36. Bg3 gxf4 37. exf4 e5 38. Ne2 Bxe2 0-1

[Event "80th ARM-ch 1st League 2019"]
[Site "Yerevan"]
[Date "2019.08.23"]
[Round "6.4"]
[White "Harutyunian, Tigran K."]
[Black "Baghdasaryan, Vahe"]
[Result "1/2-1/2"]
[ECO "A06"]
[WhiteElo "2555"]
[BlackElo "2373"]
[Annotator "ChessBase"]
[PlyCount "132"]
[EventDate "2019.08.18"]
[EventType "tourn"]
[EventCountry "ARM"]
[SourceTitle "playchess.com"]
[Source "ChessBase"]
[SourceQuality "1"]
[TimeControl "40/5400+30:1800+30"]

1. Nf3 d5 2. e3 Nf6 3. c4 c6 4. Nc3 Nbd7 5. cxd5 cxd5 6. d4 e6 7. Bd3 Bd6 8. O-O O-O 9. b3 a6 10. Bb2 b5 11. e4 dxe4 12. Nxe4 Nxe4 13. Bxe4 Rb8 14. d5 exd5 15. Qxd5 Nf6 16. Qg5 h6 17. Bxf6 Qxf6 18. Qxf6 gxf6 19. Nd4 Re8 20. Bf3 Rb6 21. Rfe1 Rxe1+ 22. Rxe1 Bd7 23. Nc2 Be5 24. Rd1 Rd6 25. Rxd6 Bxd6 26. Kf1 Bf5 27. Ne3 Bd3+ 28. Ke1 Bb1 29. Kd2 a5 30. a4 bxa4 31. bxa4 f5 32. h3 f4 33. Nc4 Bb4+ 34. Ke2 Ba2 35. Nd2 Kg7 36. Bc6 Kf6 37. Kd3 Bxd2 38. Kxd2 Ke5 39. Kc3 h5 40. f3 h4 41. Bb5 Kd5 42. Bd3 Kc5 43. Be2 Bb1 44. Bd1 f6 45. Be2 Bf5 46. Bd1 Be6 47. Be2 Bd7 48. Bd1 Bc6 49. Bc2 Bd5 50. Bd3 Ba2 51. Be2 Bb1 52. Bd1 Bf5 53. Be2 Bg6 54. Bd1 Be8 55. Bc2 Bc6 56. Bd1 Bd5 57. Be2 Bb7 58. Bd3 Bc8 59. Be2 Bd7 60. Bd1 Be6 61. Be2 Bd5 62. Bd3 Bc6 63. Bc2 Be8 64. Bd1 Bf7 65. Be2 Bg6 66. Bd1 Bf7 1/2-1/2

[Event "80th ARM-ch 1st League 2019"]
[Site "Yerevan"]
[Date "2019.08.23"]
[Round "6.5"]
[White "Harutjunyan, Gevorg"]
[Black "Torosyan, Norayr"]
[Result "1/2-1/2"]
[ECO "B31"]
[WhiteElo "2455"]
[BlackElo "2365"]
[Annotator "ChessBase"]
[PlyCount "82"]
[EventDate "2019.08.18"]
[EventType "tourn"]
[EventCountry "ARM"]
[SourceTitle "playchess.com"]
[Source "ChessBase"]
[SourceQuality "1"]
[TimeControl "40/5400+30:1800+30"]

1. e4 c5 2. Nf3 Nc6 3. Bb5 g6 4. Bxc6 dxc6 5. d3 Bg7 6. h3 Nf6 7. Nc3 Nd7 8. Be3 e5 9. Qd2 h6 10. a3 Qe7 11. O-O Nf8 12. b4 Ne6 13. Na4 b6 14. bxc5 b5 15. Nc3 f5 16. exf5 gxf5 17. Qe1 Bf6 18. Bd2 Rg8 19. Kh1 Nxc5 20. Rg1 Bb7 21. Rb1 O-O-O 22. Be3 Ne6 23. Bxa7 c5 24. Qe3 Nd4 25. Nxd4 cxd4 26. Qe1 dxc3 27. Rxb5 Qxa3 28. Qe3 Qd6 29. f3 Bc6 30. Bc5 Qd7 31. Ra5 f4 32. Qf2 Rg3 33. Rga1 Qf5 34. Bf8 Kd7 35. Ra7+ Ke8 36. Qc5 Qxh3+ 37. gxh3 Bxf3+ 38. Kh2 Rg2+ 39. Kh1 Rg3+ 40. Kh2 Rg2+ 41. Kh1 Rg3+ 1/2-1/2

[Event "80th ARM-ch 1st League 2019"]
[Site "Yerevan"]
[Date "2019.08.23"]
[Round "6.6"]
[White "Hayrapetyan, Hovik"]
[Black "Gharibyan, Mamikon"]
[Result "0-1"]
[ECO "D38"]
[WhiteElo "2453"]
[BlackElo "2365"]
[Annotator "ChessBase"]
[PlyCount "112"]
[EventDate "2019.08.18"]
[EventType "tourn"]
[EventCountry "ARM"]
[SourceTitle "playchess.com"]
[Source "ChessBase"]
[SourceQuality "1"]
[TimeControl "40/5400+30:1800+30"]

1. Nf3 d5 2. d4 Nf6 3. c4 e6 4. Nc3 Bb4 5. Bd2 c6 6. e3 O-O 7. Bd3 Nbd7 8. O-O Bd6 9. e4 dxc4 10. Bxc4 e5 11. Bg5 Qe7 12. Qe2 exd4 13. Nxd4 Ne5 14. Bb3 h6 15. Bh4 Ng6 16. Bg3 Bc5 17. Rad1 Rd8 18. Nf3 Bg4 19. Rxd8+ Rxd8 20. Rd1 Rxd1+ 21. Bxd1 Bd4 22. Bc2 Bxf3 23. gxf3 Nh5 24. Qd2 Qf6 25. Bd1 Nhf4 26. Ne2 Nxe2+ 27. Bxe2 Bxb2 28. Qd7 Qe7 29. Qc8+ Kh7 30. Bc4 Ne5 31. Bxe5 Bxe5 32. Qf5+ g6 33. Qxf7+ Qxf7 34. Bxf7 Kg7 35. Be8 Kf6 36. h3 g5 37. Kf1 Bh2 38. Ke2 Ke5 39. Kd3 Kd6 40. Kc4 Bg1 41. f4 gxf4 42. f3 Bb6 43. h4 Bd8 44. h5 Bf6 45. a4 b6 46. Bf7 a6 47. Be8 b5+ 48. Kb4 Bd4 49. Kb3 Kc5 50. Bd7 Kb6 51. Bc8 c5 52. axb5 axb5 53. Be6 Be5 54. Bd7 c4+ 55. Kb4 Bd6+ 56. Kc3 Kc5 {[%emt 0:00:05] Kd4+} 0-1

[Event "80th ARM-ch 1st League 2019"]
[Site "Yerevan"]
[Date "2019.08.24"]
[Round "7.1"]
[White "Torosyan, Norayr"]
[Black "Chaqryan, Erik"]
[Result "1-0"]
[ECO "A45"]
[WhiteElo "2365"]
[BlackElo "2105"]
[Annotator "NA"]
[PlyCount "51"]
[EventDate "2019.08.18"]
[EventType "tourn"]
[EventCountry "ARM"]
[SourceTitle "playchess.com"]
[Source "ChessBase"]
[SourceQuality "1"]
[TimeControl "40/5400+30:1800+30"]

1. d4 Nf6 2. Bf4 g6 3. Nc3 d5 4. e3 Bg7 5. h4 h5 6. Nf3 O-O 7. Ne5 c5 8. Qd2 Qa5 9. f3 Nc6 10. dxc5 Qxc5 11. Nxc6 Qxc6 12. O-O-O Be6 13. Be5 a6 14. Qd4 Rac8 $11 15. g4 Qc5 16. Qf4 Qa5 17. Bd3 Rc6 18. a3 d4 19. Bxd4 hxg4 20. fxg4 Nxg4 21. Rdg1 Bxd4 22. exd4 Rxc3 23. bxc3 Qxc3 24. h5 Qxa3+ 25. Kd2 Qa5+ 26. Ke2 1-0

[Event "80th ARM-ch 1st League 2019"]
[Site "Yerevan"]
[Date "2019.08.24"]
[Round "7.2"]
[White "Khojayan, Vardan"]
[Black "Harutyunian, Tigran K."]
[Result "0-1"]
[ECO "A05"]
[WhiteElo "2236"]
[BlackElo "2555"]
[Annotator "ChessBase"]
[PlyCount "84"]
[EventDate "2019.08.18"]
[EventType "tourn"]
[EventCountry "ARM"]
[SourceTitle "playchess.com"]
[Source "ChessBase"]
[SourceQuality "1"]
[TimeControl "40/5400+30:1800+30"]

1. Nf3 Nf6 2. b3 g6 3. Bb2 Bg7 4. e3 O-O 5. Be2 d6 6. d4 Nc6 7. O-O Bf5 8. Nh4 Bd7 9. Nf3 a5 10. a3 e5 11. dxe5 Ng4 12. c4 Ngxe5 13. Nc3 Nxf3+ 14. Bxf3 Ne5 15. Be2 a4 16. f4 Nc6 17. Nxa4 Qe7 18. Qd2 Rfe8 19. Bxg7 Kxg7 20. Kf2 Qh4+ 21. Kg1 Na5 22. Nb2 Qf6 23. Bd1 Re7 24. Rc1 Nc6 25. Na4 Nb8 26. Nc3 Bc6 27. f5 gxf5 28. Bc2 Re5 29. Ne2 Rxa3 30. Ng3 Qg5 31. Rf4 Ra2 32. Rcf1 Kf8 33. Rxf5 Rxf5 34. Rxf5 Qg7 35. Qd3 Nd7 36. Rf2 Ne5 37. Qf5 Bd7 38. Qe4 Ng4 39. Rf1 Qh6 40. h3 Qxe3+ 41. Kh1 Nf2+ 42. Rxf2 Qxf2 0-1

[Event "80th ARM-ch 1st League 2019"]
[Site "Yerevan"]
[Date "2019.08.24"]
[Round "7.3"]
[White "Baghdasaryan, Vahe"]
[Black "Davtyan, Artur"]
[Result "1-0"]
[ECO "C54"]
[WhiteElo "2373"]
[BlackElo "2440"]
[Annotator "NA"]
[PlyCount "87"]
[EventDate "2019.08.18"]
[EventType "tourn"]
[EventCountry "ARM"]
[SourceTitle "playchess.com"]
[Source "ChessBase"]
[SourceQuality "1"]
[TimeControl "40/5400+30:1800+30"]

1. e4 e5 2. Nf3 Nc6 3. Bc4 Bc5 4. c3 Nf6 5. d3 O-O 6. Bg5 h6 7. Bh4 Be7 8. Nbd2 d6 9. Bb3 Kh8 10. Nf1 Nh5 11. Bxe7 Qxe7 12. Ne3 Nf4 13. g3 Nh3 14. Kf1 g6 15. Kg2 Kg7 $11 16. Bd5 h5 17. Ng1 Nxg1 18. Rxg1 h4 19. Qe2 Bd7 20. g4 Qg5 21. Kh1 Kh7 22. f3 Nd8 23. Qf2 c6 24. Bb3 Ne6 25. Bxe6 fxe6 26. Ng2 Rf6 27. Nxh4 Kg7 28. Qg3 Qf4 29. g5 Rf7 30. Qe1 Rh8 31. Rg4 Rxh4 32. Qxh4 Qxf3+ 33. Rg2 Kg8 34. Qg3 c5 35. Kg1 d5 36. Qxf3 Rxf3 37. Rf2 Rxf2 38. Kxf2 Kf7 39. Ke3 Bc6 40. Rf1+ Ke7 41. Rf6 Be8 42. exd5 exd5 43. c4 dxc4 44. dxc4 1-0

[Event "80th ARM-ch 1st League 2019"]
[Site "Yerevan"]
[Date "2019.08.24"]
[Round "7.4"]
[White "Sargsyan, Shant"]
[Black "Shahinyan, David"]
[Result "1-0"]
[ECO "A35"]
[WhiteElo "2540"]
[BlackElo "2452"]
[Annotator "ChessBase"]
[PlyCount "157"]
[EventDate "2019.08.18"]
[EventType "tourn"]
[EventCountry "ARM"]
[SourceTitle "playchess.com"]
[Source "ChessBase"]
[SourceQuality "1"]
[TimeControl "40/5400+30:1800+30"]

1. Nf3 Nf6 2. c4 c5 3. Nc3 Nc6 4. d4 cxd4 5. Nxd4 g6 6. e4 Nxd4 7. Qxd4 Bg7 8. e5 Ng8 9. Bf4 Nh6 10. O-O-O O-O 11. h3 f6 12. Qd2 Nf7 13. exf6 Bxf6 14. Nd5 e5 15. Be3 d6 16. Kb1 Bg5 17. g4 Be6 18. Bg2 Rc8 19. b3 b6 20. Bxg5 Nxg5 21. f4 Nf7 22. Rhf1 Kh8 23. Qb2 Qh4 24. Rde1 Bxd5 25. Bxd5 Qxh3 26. fxe5 Qd3+ 27. Ka1 Nxe5 28. Rg1 Rc7 29. Be4 Qh3 30. Bxg6 Rg7 31. Bf5 Qh6 32. Rh1 Qf6 33. Re4 a5 34. Qd4 a4 35. bxa4 Rc7 36. Kb1 h6 37. Qd5 Kg7 38. Rd1 Rff7 39. Qxd6 Nxc4 40. Qb4 Qc6 41. Rde1 Qc5 42. Qc3+ Rf6 43. Rxc4 Qxc4 44. Re7+ Rxe7 45. Qxc4 h5 46. Bc2 hxg4 47. Qxg4+ Kf8 48. Bb3 Re1+ 49. Kb2 Ref1 50. Qd7 R1f2+ 51. Ka3 R2f3 52. Kb4 R3f5 53. Bd5 Rf2 54. Kb5 Rb2+ 55. Bb3 Rbf2 56. Be6 Rb2+ 57. Ka6 b5 58. Qd8+ Kg7 59. Qg8+ Kh6 60. axb5 Rxa2+ 61. Kb7 Re2 62. Bd7 Re7 63. Qg4 Rg7 64. Qh3+ Kg5 65. Qg3+ Kh6 66. Qh4+ Kg6 67. Kc7 Re7 68. b6 Rxd7+ 69. Kxd7 Rxb6 70. Qd4 Rf6 71. Ke7 Rf7+ 72. Ke6 Rf8 73. Qg4+ Kh7 74. Ke7 Rg8 75. Qh5+ Kg7 76. Qd5 Kh7 77. Kf7 Rg7+ 78. Kf8 Kh6 79. Qh1+ 1-0

[Event "80th ARM-ch 1st League 2019"]
[Site "Yerevan"]
[Date "2019.08.24"]
[Round "7.5"]
[White "Mikaelyan, Arman"]
[Black "Hayrapetyan, Hovik"]
[Result "1-0"]
[ECO "D90"]
[WhiteElo "2454"]
[BlackElo "2453"]
[Annotator "ChessBase"]
[PlyCount "87"]
[EventDate "2019.08.18"]
[EventType "tourn"]
[EventCountry "ARM"]
[SourceTitle "playchess.com"]
[Source "ChessBase"]
[SourceQuality "1"]
[TimeControl "40/5400+30:1800+30"]

1. d4 Nf6 2. c4 g6 3. Nc3 d5 4. Nf3 Bg7 5. h4 c6 6. cxd5 cxd5 7. Bf4 O-O 8. e3 Nc6 9. Ne5 e6 10. Be2 h6 11. Qb3 Na5 12. Qa3 Nd7 13. Nb5 Nxe5 14. Bxe5 Bxe5 15. dxe5 Nc6 16. f4 Kg7 17. O-O-O Qa5 18. Qxa5 Nxa5 19. b3 b6 20. Kb2 a6 21. Nd6 Nb7 22. Rc1 Nxd6 23. exd6 Rd8 24. Rc6 Rb8 25. Rhc1 Bd7 26. Rc7 b5 27. Kc3 Rb6 28. Kd4 Rxd6 29. Ra7 Kf6 30. Rcc7 Ke7 31. Bf3 Rb8 32. Kc5 f5 33. a3 g5 34. hxg5 hxg5 35. fxg5 Rg8 36. Rab7 Rxg5 37. Rb8 d4 38. Re8+ Kxe8 39. Kxd6 e5 40. Rxd7 e4 41. Re7+ Kd8 42. exd4 exf3 43. gxf3 Rg2 44. Rf7 1-0